 Dungeon Crawl Stone Soup version 0.31.0-9-g3a7656b989 (webtiles) character file.

Game seed: 4977053512390840374

420 Descartes the Sneak (level 6, -4/29 HPs)
             Began as a Spriggan Hexslinger on Feb 2, 2024.
             Killed from afar by Ijyb (14 damage)
             ... with a bolt of acid
             ... on level 4 of the Dungeon.
             The game lasted 00:05:22 (3521 turns).

Descartes the Sneak (Spriggan Hexslinger)           Turns: 3521, Time: 00:05:22

Health: -4/29      AC: -3    Str:  6    XL:     6   Next: 62%
Magic:  0/9        EV: 19    Int: 15    God:
Gold:   208        SH:  0    Dex: 17    Spells: 7/7 levels left

rFire   . . .        a - +1 sling
rCold   . . .        (no shield)
rNeg    + . .        c - +0 robe
rPois   +            (helmet restricted)
rElec   .            w - +2 cloak {rPois}
rCorr   .            (gloves unavailable)
SInv    +            (boots unavailable)
Will    +....        q - amulet of guardian spirit
Stlth   +++          l - ring of positive energy
HPRegen 0.24/turn    (no ring)
MPRegen 0.11/turn

%: guardian spirit
@: corroded, very quick
A: very small, no large weapons, unfitting armour, see invisible, speed 3
a: no special abilities


You were on level 4 of the Dungeon.
You visited 1 branch of the dungeon, and saw 4 of its levels.

You collected 208 gold pieces.

Inventory:

Hand Weapons
 a - a +1 sling (weapon)
 e - a +2 whip of venom
 v - a +2 quarterstaff of chaos
Armour
 c - a +0 robe (worn)
 w - a +2 cloak of poison resistance (worn)
Jewellery
 l - a ring of positive energy (left hand)
 q - an amulet of guardian spirit (around neck)
 s - a ring of fire
 y - a ring of wizardry
Wands
 x - a wand of paralysis (11)
 z - a wand of iceblast (8)
Scrolls
 b - 2 scrolls of poison
 d - 2 scrolls of vulnerability {unknown}
 g - 4 scrolls of teleportation {unknown}
 i - 2 scrolls of immolation {unknown}
 j - 3 scrolls of identify {unknown}
 m - a scroll of amnesia {unknown}
 o - 2 scrolls of fog {unknown}
 p - a scroll of fear {unknown}
Potions
 f - 4 potions of curing {unknown}
 h - a potion of ambrosia {unknown}
 k - 2 potions of degeneration {unknown}
 n - a potion of heal wounds {unknown}
 r - a potion of might {unknown}
 t - a potion of haste {unknown}
 u - a potion of attraction {unknown}


   Skills:
 - Level 0.7 Fighting
 + Level 3.9 Ranged Weapons
 + Level 5.2 Dodging
 + Level 5.2 Stealth
 - Level 1.3 Spellcasting
 - Level 3.6 Hexes
 + Level 4.5 Translocations
 - Level 0.7 Fire Magic


You had 7 spell levels left.
You didn't know any spells.
Your spell library contained the following spells:

 Spells                   Type           Power      Damage    Failure   Level
 Jinxbite                 Hex            22%        N/A       9%          2
 Sigil of Binding         Hex            11%        N/A       16%         3
 Inner Flame              Hex/Fire       7%         N/A       28%         3
 Dazzling Flash           Conj/Hex       12%        N/A       34%         3
 Dimensional Bullseye     Hex/Tloc       6%         N/A       41%         4
 Cause Fear               Hex            5%         N/A       47%         4
 Mephitic Cloud           Conj/Alch/Air  1%         N/A       56%         3
 Silence                  Hex/Air        3%         N/A       97%         5
 Curse of Agony           Necr           1%         N/A       100%        5


Dungeon Overview and Level Annotations

Branches:
Dungeon (4/15)
 Temple: D:4-7

Altars:
Trog
The Shining One

Shops:
D:3 =

Annotations:
D:4 Ijyb


Innate Abilities, Weirdness & Mutations

You are very small and have problems with some larger weapons.
You are too small for most types of armour.
You have supernaturally acute eyesight. (SInv)
You cover ground extremely quickly. (Speed+++)


Message History

A quokka comes into view.
You shoot a sling bullet. The sling bullet hits the quokka!
You kill the quokka!
You shoot a sling bullet. The sling bullet misses the adder.
You shoot a sling bullet. The sling bullet hits the adder.
The adder is severely wounded.
You shoot a sling bullet. The sling bullet hits the adder!
You kill the adder!
No target in view!
You see here a quokka corpse.
There is a stone staircase leading down here.
You now have 208 gold pieces (gained 4).
Ijyb the Twisted Goblin comes into view.
She is wielding a +2 dagger of venom and carrying a wand of acid.
You shoot a sling bullet. The sling bullet hits Ijyb.
Ijyb shouts!
Ijyb is lightly wounded.
You shoot a sling bullet.
The sling bullet hits Ijyb but does no damage.
Ijyb is lightly wounded.
You shoot a sling bullet. The sling bullet closely misses Ijyb.
Ijyb zaps a wand.
The bolt of acid misses you.
Ijyb zaps a wand.
The bolt of acid hits you! The acid corrodes you!
You shoot a sling bullet. The sling bullet barely misses Ijyb.
You shoot a sling bullet. The sling bullet barely misses Ijyb.
You shoot a sling bullet.
The sling bullet hits Ijyb but does no damage.
Ijyb is lightly wounded.
You shoot a sling bullet. The sling bullet barely misses Ijyb.
Ijyb zaps a wand.
The bolt of acid hits you! The acid corrodes you!
You are too injured to fight recklessly!
You are too injured to fight recklessly!
You are too injured to fight recklessly!
You are too injured to fight recklessly!
You are too injured to fight recklessly!
You are too injured to fight recklessly!
You are too injured to fight recklessly!
You are too injured to fight recklessly!
Unknown command.
Ijyb zaps a wand.
The bolt of acid hits you!
You die...

#.....#.. #.###.#.#
#.# #.#.#
########.# #.#.#
........># #.#.#
########†# #.#g#
#.# #.#.#
####.###.#.#
#........@.#
########'##.###.###
............# #..
............# ###
............#
............#
............#
............#
............#


You could see Ijyb.

Vanquished Creatures
  Sigmund (D:2)
  A crimson imp (D:3)
  Crazy Yiuf (D:3)
  Natasha (thrice) (D:2)
  4 gnolls
  4 adders
  A dart slug (D:1)
  An orc (D:3)
  6 endoplasms
  3 giant cockroaches
  6 hobgoblins
  6 jackals (D:1)
  2 quokkas
  5 ball pythons
  2 bats
  A frilled lizard (D:1)
  2 goblin zombies (D:3)
  A hobgoblin zombie (D:3)
  6 kobolds
  2 kobold skeletons (D:3)
  A kobold zombie (D:3)
  An orc skeleton (D:3)
  3 rats
63 creatures vanquished.

Notes
Turn   | Place    | Note
-------+----------+-------------------------------------------
     0 | D:1      | Descartes the Spriggan Hexslinger began the quest for the
                  | Orb.
     0 | D:1      | Reached XP level 1. HP: 9/9 MP: 3/3
    23 | D:1      | Reached skill level 1 in Stealth
    23 | D:1      | Reached skill level 1 in Translocations
    44 | D:1      | Reached XP level 2. HP: 14/14 MP: 5/5
   345 | D:1      | Reached XP level 3. HP: 17/17 MP: 6/6
   897 | D:2      | Reached XP level 4. HP: 21/21 MP: 7/7
  1085 | D:2      | Noticed Sigmund
  1133 | D:2      | Found the +4 robe of Augmentation {Str+4 Int+4 Dex+4}
  1252 | D:2      | Noticed Natasha
  1258 | D:2      | HP: 1/21 [Natasha/magic dart (7)]
  1263 | D:2      | HP: 1/21 [Natasha (1)]
  1264 | D:2      | Killed Natasha
  1551 | D:2      | HP: 1/21 [Sigmund/+0 scythe (10)]
  1555 | D:2      | Noticed Natasha
  2011 | D:2      | Killed Sigmund
  2012 | D:2      | Reached XP level 5. HP: 13/25 MP: 8/8
  2068 | D:2      | Killed Natasha
  2069 | D:2      | Reached XP level 6. HP: 7/29 MP: 9/9
  2200 | D:2      | Noticed Natasha
  2212 | D:2      | Killed Natasha
  2593 | D:3      | Found Zossutring's Jewellery Boutique.
  2634 | D:3      | Found a glowing golden altar of the Shining One.
  2650 | D:3      | Reached skill level 5 in Dodging
  2704 | D:3      | Found a faded altar of an unknown god.
  2749 | D:3      | Reached skill level 5 in Stealth
  3058 | D:3      | Found a runed translucent door.
  3059 | D:3      | Noticed Crazy Yiuf
  3239 | D:3      | Killed Crazy Yiuf
  3433 | D:4      | Found a bloodstained altar of Trog.
  3513 | D:4      | Noticed Ijyb
  3521 | D:4      | Killed from afar by Ijyb

Illustrated notes

Levels and vault maps discovered:
D:1:      scummos_arrival_checkerplants, layout_basic, minmay_misc_feat_ornament
D:2:      layout_loops_ring, mrwooster_statue_mirror, uniq_sigmund, uniq_natasha
D:3:      layout_rooms, nicolae_tso_besieged_by_evil,
          nicolae_ecumenical_lake_church, serial_shops, nicolae_shop_trees,
          nrook_uturn, uniq_crazy_yiuf_cottage
D:4:      layout_basic, bloody_trog, minmay_temple_entry_statues_fountains,
          uniq_pikel, uniq_ijyb

Skill      XL: |  1  2  3  4  5  6 |
---------------+-------------------+-----
Stealth        | 1 2 4 5 |  5.2
Translocations | 1 2 3 4 |  4.5
Dodging        | 3 4 5 |  5.2
Ranged Weapons | 3 |  3.9
Fighting       | |  0.7
Spellcasting   | |  1.3
Hexes          | |  3.6
Fire Magic     | |  0.7

Action                     |  1- 3 |  4- 6 || total
---------------------------+-------+-------++-------
  Melee: Sling             |       |     3 ||     3
   Fire: Sling             |    81 |   152 ||   233
 Armour: Robe              |     3 |    25 ||    28
  Dodge: Dodged            |    13 |    35 ||    48
